 Dungeon Crawl Stone Soup version 0.27-a0-972-gd1521fd518 (webtiles) character file.

Game seed: 10544683398795200596

34750 Lanoc the Spry (level 13, -3/103 HPs)
             Began as an Octopode Berserker on Apr 13, 2021.
             Was a High Priest of Trog.
             Slain by a five-headed hydra (18 damage)
             ... on level 14 of the Dungeon.
             The game lasted 00:31:28 (19268 turns).

Lanoc the Spry (Octopode Berserker)                Turns: 19268, Time: 00:31:28

Health: -3/103     AC:  3    Str: 16    XL:     13   Next: 79%
Magic:  13/13      EV: 32    Int: 11    God:    Trog [*****.]
Gold:   1039       SH:  0    Dex: 21    Spells: 12/12 levels left

rFire    + . .     SeeInvis .   m - +6 quarterstaff (chaos)
rCold    . . .     Faith    .   (shield currently unavailable)
rNeg     + + .     Spirit   .   o - +2 hat "Jogudiko" {Dex+6}
rPois    .         Reflect  .   u - amulet of the acrobat
rElec    .         Harm     .   c - ring of protection from fire
rCorr    +         Rampage  .   f - ring of positive energy
Will     .....                  e - ring of resist corrosion
Stlth    +++.......             q - +4 ring of evasion
HPRegen  0.27/turn              z - +4 ring of evasion
MPRegen  0.13/turn              F - ring of positive energy
                                (no ring)
                                (no ring)

@: about to teleport, on berserk cooldown, slowed, studying 4 skills, very slow
A: almost no armour, amphibious, 8 rings, camouflage 1, gelatinous body 1,
(nimble swimmer 1), tentacles
a: Renounce Religion, Berserk, Trog's Hand, Brothers in Arms


You were on level 14 of the Dungeon.
You worshipped Trog.
Trog was extremely pleased with you.
You visited 2 branches of the dungeon, and saw 15 of its levels.
You also visited: Sewer.

You collected 1663 gold pieces.
You spent 624 gold pieces at shops.

Inventory:

Hand Weapons
 m - a +6 quarterstaff of chaos (weapon)
Missiles
 v - a curare-tipped dart (quivered)
 I - 9 javelins
Armour
 o - the +2 hat "Jogudiko" (worn) {Dex+6}
   (You found it on level 11 of the Dungeon)

   It affects your dexterity (+6).
Jewellery
 c - a ring of protection from fire (left tentacle)
 e - a ring of resist corrosion (on tentacle)
 f - a ring of positive energy (right tentacle)
 q - a +4 ring of evasion (on tentacle)
 u - an amulet of the acrobat (around mantle)
 z - a +4 ring of evasion (on tentacle)
 F - a ring of positive energy (on tentacle)
 K - the ring "Xahul" {*Corrode rF+ rN+++ Will+ Int+6}
   (You found it on level 11 of the Dungeon)

   [ring of intelligence]

   It affects your intelligence (+6).
   It protects you from fire.
   It renders you almost immune to negative energy.
   It may corrode you when you take damage.
   It increases your willpower.
Wands
 a - a wand of iceblast (61)
 k - a wand of flame (106)
 y - a wand of polymorph (23)
 H - a wand of charming (9)
Scrolls
 d - 4 scrolls of teleportation
 n - a scroll of amnesia
 s - a scroll of brand weapon {unknown}
 t - 2 scrolls of immolation {unknown}
 w - 2 scrolls of enchant weapon
 x - a scroll of magic mapping {unknown}
 A - 2 scrolls of fear {unknown}
 B - 2 scrolls of blinking {unknown}
 C - 2 scrolls of summoning {unknown}
 G - a scroll of enchant armour {unknown}
 J - 2 scrolls of torment {unknown}
Potions
 b - a potion of mutation
 g - 7 potions of lignification
 h - 2 potions of attraction
 i - a potion of berserk rage
 j - 2 potions of flight
 l - 2 potions of magic
 p - 4 potions of curing
 r - 2 potions of might
 D - 3 potions of resistance
 E - 2 potions of haste
 N - 7 potions of ambrosia
Miscellaneous
 M - a phantom mirror


   Skills:
 + Level 15.0 Fighting
 - Level 3.3 Maces & Flails
 - Level 11.3 Throwing
 + Level 15.0 Dodging
 + Level 2.1 Stealth


You had 12 spell levels left.
You didn't know any spells.
Your spell library was empty.

Dungeon Overview and Level Annotations

Branches:
Dungeon (14/15)            Temple (1/1) D:4            Lair (0/6) D:8
    Orc (0/2) D:11         Vaults (0/5) D:13          Sewer (visited)

Altars:
Ashenzari
Cheibriados
Fedhas
Hepliaklqana
Kikubaaqudgha
Qazlal
Ru
Uskayaw
Vehumet
Wu Jian
Xom
The Shining One

Shops:
D:1 ?(   D:7 =   D:10 :

Annotations:
D:10 3 runed translucent doors, polve's ghost, journeyman DrTm; trm's ghost, novice OpCj


Innate Abilities, Weirdness & Mutations

You cannot wear most types of armour.
You are amphibious.
You can wear up to eight rings at the same time.
Your skin changes colour to match your surroundings (Stealth+).
Your rubbery body absorbs attacks. (AC +1, EV +1)
((You are camouflaged near water. (Stealth+)))
You have tentacles for arms and can constrict up to eight enemies at once.


Message History

An ogre comes into view. It is wielding a +0 giant spiked club.
An eye of devastation comes into view.
The ogre mage points at something and mumbles some strange words.
You hear a shout!
You hear two shouts!
Things that are here:
a +0 giant club; a +0 giant club Your surroundings suddenly seem different.
You start resting.
A five-headed hydra comes into view.
You open the door.
You catch the helpless eye of devastation completely off-guard!
You sock the eye of devastation! You freeze the eye of devastation.
The five-headed hydra roars!
You grab the eye of devastation. You squeeze the eye of devastation.
The eye of devastation is moderately wounded.
You constrict the eye of devastation. The five-headed hydra bites you! x2
The five-headed hydra barely misses you.
The five-headed hydra completely misses you.
The five-headed hydra barely misses you.
The five-headed hydra completely misses you. x2
The five-headed hydra bites you!
The five-headed hydra closely misses you.
The five-headed hydra completely misses you.
You hit the eye of devastation but do no damage.
The eye of devastation is moderately wounded.
You constrict the eye of devastation. The eye of devastation gazes at you.
The bolt of energy misses you. The five-headed hydra bites you!
The five-headed hydra closely misses you.
The five-headed hydra completely misses you. x3
The eye of devastation gazes at you. The bolt of energy misses you.
As you read the scroll of teleportation, it crumbles to dust.
You feel strangely unstable.
You constrict the eye of devastation, but do no damage.
The five-headed hydra misses you. The five-headed hydra bites you!!
* * * LOW HITPOINT WARNING * * *
The five-headed hydra completely misses you. x2
The five-headed hydra bites you!!
You die...

♣.....## ###.G.........p.>....
♣.###...## .#######......... .
##...# ## ####.##### #...# #.
#...# ##...# #. ###.# ♣♣###.P..#
#. #>## ♣.PPPP...# #. #..#
z........# ##G#### ###'##
.........#####..@..# #.....
.........'..##..D..# #.....
......)..##.##.....# ######.....
.........##..#.....####....'.....
.........###.'.....#....####.....
.....>...# ###.....'.#### #.....
#######'## #.....### ###### ..#
###'### # ## #..# #


You could see a five-headed hydra and an eye of devastation.

Vanquished Creatures
  Nessos (D:12)
  2 hydras (D:13)
  6 boulder beetles
  A vault guard (D:13)
  A centaur warrior (D:13)
  5 two-headed ogres
  A tengu warrior (D:13)
  Urug (D:11)
  2 wizards
  Pikel (D:4)
  A deep elf pyromancer (D:12)
  An ugly thing (D:11)
  A cyclops (D:11)
  3 manticores
  Joseph (D:10)
  A rime drake (shapeshifter) (D:14)
  An unseen horror (D:12)
  A komodo dragon (D:12)
  A kobold demonologist (D:12)
  A queen bee (D:13)
  2 jumping spiders (D:11)
  3 meliai (D:13)
  4 trolls
  Grinder (D:6)
  14 slime creatures
  A shadow (D:11)
  A redback (D:11)
  2 vampires
  14 yaks
  A tarantella (D:11)
  A hog (shapeshifter) (D:14)
  3 wraiths
  2 basilisks (D:13)
  13 vampire mosquitoes
  An acid dragon (D:9)
  3 water moccasins
  A hornet zombie (D:9)
  An ice beast (D:7)
  8 orc warriors
  3 necrophages
  9 centaurs
  2 ogres
  A phantom (D:4)
  4 bullfrogs
  5 kobold brigands
  28 killer bees
  2 wights
  A howler monkey (D:14)
  A jelly (D:5)
  A gnoll shaman (D:10)
  A centaur skeleton (D:6)
  4 centaur zombies
  2 bullfrog skeletons (D:7)
  8 orc priests
  Crazy Yiuf (D:2)
  9 hounds
  3 iguanas
  12 orc wizards
  Natasha (thrice) (D:2)
  A killer bee zombie (D:8)
  2 hound skeletons (D:5)
  3 howler monkey zombies
  6 adders
  4 gnolls (D:10)
  A howler monkey skeleton (D:7)
  A white imp (D:7)
  An ufetubus (D:6)
  A dart slug (D:3)
  29 orcs
  13 ball pythons
  7 endoplasms
  A giant cockroach (D:3)
  3 goblins
  4 hobgoblins
  8 jackals
  25 kobolds
  A quokka (D:5)
  8 bats
  4 frilled lizards
  2 rats (D:1)
334 creatures vanquished.

Vanquished Creatures (others)
  A slime creature (D:11)
  12 bushes (D:14)
  A fungus (D:2)
  5 plants (D:7)
  6 withered plants (D:7)
25 creatures vanquished.

Grand Total: 359 creatures vanquished

Notes
Turn   | Place    | Note
-------+----------+-------------------------------------------
     0 | D:1      | Lanoc the Octopode Berserker began the quest for the Orb.
     0 | D:1      | Reached XP level 1. HP: 16/16 MP: 1/1
    15 | D:1      | Found Oxiphum's Magic Scroll Emporium.
   264 | D:1      | Reached XP level 2. HP: 21/21 MP: 2/2
   320 | D:1      | Found Zeaghuhil's Weapon Shop.
   612 | D:1      | Found a faded altar of an unknown god.
   911 | D:2      | Noticed Natasha
   915 | D:2      | Killed Natasha
   916 | D:2      | Reached XP level 3. HP: 26/26 MP: 3/3
   988 | D:2      | Noticed Natasha
   995 | D:2      | Killed Natasha
   996 | D:2      | Reached XP level 4. HP: 33/33 MP: 4/4
  1556 | D:2      | Noticed Natasha
  1565 | D:2      | Killed Natasha
  1760 | D:2      | Found a runed translucent door.
  1761 | D:2      | Noticed Crazy Yiuf
  1769 | D:2      | Killed Crazy Yiuf
  1770 | D:2      | Reached XP level 5. HP: 38/38 MP: 5/5
  1797 | D:3      | Reached ** piety under Trog
  2602 | D:4      | Noticed a lemure
  2602 | D:4      | Noticed a lemure
  2603 | D:4      | Noticed a lemure
  2604 | D:4      | Noticed Pikel
  2611 | D:4      | Noticed a lemure
  2615 | D:4      | Killed Pikel
  2616 | D:4      | Reached XP level 6. HP: 46/46 MP: 6/6
  2616 | D:4      | Reached XP level 7. HP: 52/52 MP: 7/7
  3007 | D:4      | Found a staircase to the Ecumenical Temple.
  3017 | Temple   | Entered the Ecumenical Temple
  3300 | D:4      | Found a sacrificial altar of Ru.
  3381 | D:4      | Reached XP level 8. HP: 54/58 MP: 8/8
  3900 | D:5      | Entered Level 5 of the Dungeon
  4016 | D:5      | Identified the +1 robe of Exclusion {+Blink Regen+}
  4126 | D:5      | Reached *** piety under Trog
  4349 | D:5      | Found a hide-covered altar of Uskayaw.
  4396 | D:5      | Found a glowing drain.
  4405 | Sewer    | Entered a sewer
  5231 | D:6      | Noticed a wraith
  5241 | D:6      | Killed a wraith
  5242 | D:6      | Reached XP level 9. HP: 40/67 MP: 9/9
  6091 | D:6      | Noticed Grinder
  6097 | D:6      | Killed Grinder
  6329 | D:6      | Found an ornate altar of the Wu Jian Council.
  6778 | D:7      | Found Tilijus's Jewellery Boutique.
  6856 | D:7      | Found a blossoming altar of Fedhas.
  6859 | D:7      | Found an ancient bone altar of Kikubaaqudgha.
  6866 | D:7      | Reached **** piety under Trog
  7149 | D:7      | Reached skill level 10 in Fighting
  7150 | D:7      | Reached skill level 10 in Dodging
  7245 | D:7      | Reached XP level 10. HP: 76/76 MP: 10/10
  7371 | D:7      | Noticed a two-headed ogre
  7378 | D:7      | Killed a two-headed ogre
  7835 | D:8      | Found a stormy altar of Qazlal.
  7836 | D:8      | Found a broken altar of Ashenzari.
  7865 | D:8      | Found a staircase to the Lair.
  8817 | D:8      | Found a radiant altar of Vehumet.
  8817 | D:8      | Found a hazy altar of Hepliaklqana.
  8817 | D:8      | Found a glowing golden altar of the Shining One.
  8822 | D:8      | Found a shimmering altar of Xom.
  8824 | D:8      | Found a snail-covered altar of Cheibriados.
  9418 | D:9      | Reached XP level 11. HP: 85/85 MP: 11/11
 10084 | D:10     | Entered Level 10 of the Dungeon
 10107 | D:10     | Found a runed translucent gate.
 10107 | D:10     | Found a runed translucent gate.
 10107 | D:10     | Found a runed translucent gate.
 10238 | D:10     | Noticed trm's ghost (novice OpCj)
 10522 | D:10     | Reached ***** piety under Trog
 10749 | D:10     | Found Soweko's Book Shop.
 10838 | D:10     | Noticed a two-headed ogre
 10845 | D:10     | Killed a two-headed ogre
 10892 | D:10     | Noticed a two-headed ogre
 10908 | D:10     | Killed a two-headed ogre
 11401 | D:10     | Noticed Joseph
 11410 | D:10     | Killed Joseph
 11420 | D:10     | Identified the +0 leather armour of Makhleb's Reproof {Fly
                  | Will- Str+7}
 11601 | D:10     | Noticed polve's ghost (journeyman DrTm)
 11728 | D:11     | Noticed a cyclops
 11737 | D:11     | Killed a cyclops
 11945 | D:11     | Found a runed translucent door.
 12381 | D:11     | Noticed a purple ugly thing
 12399 | D:11     | Killed a purple ugly thing
 12654 | D:1      | Bought a scroll of acquirement for 624 gold pieces
 12654 | D:1      | Acquired a manual of Axes
 12655 | D:1      | Acquired 725 gold pieces
 12937 | D:11     | Reached XP level 12. HP: 94/94 MP: 12/12
 13032 | D:11     | Noticed a boulder beetle
 13043 | D:11     | Killed a boulder beetle
 13174 | D:11     | Found a staircase to the Orcish Mines.
 13265 | D:11     | Identified the +0 whip of Oily Watchfulness {venom, rPois
                  | Stlth+}
 13266 | D:11     | Identified the +2 hat "Jogudiko" {Dex+6}
 13490 | D:11     | Noticed a boulder beetle
 13490 | D:11     | Noticed a boulder beetle
 13490 | D:11     | Noticed Urug
 13491 | D:11     | Noticed a boulder beetle
 13694 | D:11     | Killed a boulder beetle
 13695 | D:11     | Reached skill level 5 in Throwing
 13745 | D:11     | Killed Urug
 13800 | D:11     | Killed a boulder beetle
 13855 | D:11     | Killed a boulder beetle
 14052 | D:11     | Identified the ring "Xahul" {*Corrode rF+ rN+++ Will+
                  | Int+6}
 14139 | D:12     | Noticed a two-headed ogre
 14147 | D:12     | Killed a two-headed ogre
 14512 | D:12     | Received a gift from Trog
 14692 | D:12     | Noticed Nessos
 14711 | D:12     | Killed Nessos
 14878 | D:12     | Noticed a boulder beetle
 14892 | D:12     | Killed a boulder beetle
 15220 | D:12     | Reached XP level 13. HP: 101/101 MP: 13/13
 15325 | D:12     | Acquired a manual of Stealth
 16905 | D:13     | Reached skill level 10 in Throwing
 17137 | D:13     | Noticed a vault guard
 17874 | D:13     | Killed a vault guard
 18229 | D:14     | Noticed a rakshasa
 18712 | D:13     | Found a gate to the Vaults.
 18828 | D:14     | Banished a rakshasa
 18829 | D:14     | Reached skill level 15 in Fighting
 18829 | D:14     | Reached skill level 15 in Dodging
 19268 | D:14     | Slain by a five-headed hydra

Illustrated notes

Levels and vault maps discovered:
D:1:      amcnicky_arrival_double_pillar, layout_rooms,
          shapermc_ecumenical_altar_totnotflames, serial_shops, shop, shop
D:2:      layout_basic, uniq_natasha, uniq_crazy_yiuf_cottage
D:3:      layout_loops_cross, minmay_fountain_box
D:4:      layout_basic, nicolae_overflow_crystal_walls,
          minmay_temple_entry_junction, hangedman_decor_lopped,
          minmay_manual_mandibuliform, uniq_pikel
D:5:      layout_gridville, lemuel_round_altar, portal_sewer_entry_d
D:6:      layout_cave_pools, kennysheep_little_box, minmay_manual_mail,
          uniq_grinder
D:7:      minmay_bubble_buster, layout_loops_ring,
          grunt_temple_overflow_growth_and_decay, serial_shops, shop
D:8:      layout_basic, minitemple, lair_entry_dummy,
          chequers_serial_rivers_marsh, chequers_serial_rivers_room_b,
          nzn_life_drinkers
D:9:      layout_cave_pools, minivault_5
D:10:     layout_grid_maze, serial_shops, nicolae_shop_statue_plus,
          gammafunk_ghost_cemetery, uniq_joseph
D:11:     gammafunk_indiana_jones, layout_rooms, david_orc_4, uniq_urug
D:12:     layout_basic, minmay_librarian, uniq_nessos
D:13:     layout_grid_maze, david_vaults_5, special_room [special_room_bee]
D:14:     layout_roguey, serial_park_gazebo [serial_park_minivault_5x5_3]
Temple:   zaba_magenta_temple

Skill      XL: |  1  2  3  4  5  6  7  8  9 10 11 12 13 |
---------------+----------------------------------------+-----
Fighting       | 4 6 8 10 11 13 14 15 | 15.0
Dodging        | 4 6 8 10 11 13 14 15 | 15.0
Throwing       | 8 11 | 11.3
Stealth        | 2 |  2.1
Maces & Flails | |  3.3

Action                   |  1- 3 |  4- 6 |  7- 9 | 10-12 | 13-15 || total
-------------------------+-------+-------+-------+-------+-------++-------
Melee: Mace              |    38 |    27 |       |       |       ||    65
       Constrict         |    10 |    11 |    38 |    49 |    29 ||   137
       Tentacles         |     7 |     8 |    35 |   110 |    74 ||   234
       Quarterstaff      |       |    20 |   184 |   423 |   234 ||   861
Throw: Dart              |       |       |       |     7 |     2 ||     9
Invok: Berserk           |     1 |     3 |    11 |    33 |    13 ||    61
       Trog's Hand       |       |       |     1 |       |       ||     1
Evoke: Wand              |       |       |       |     3 |       ||     3
  Use: Scroll            |       |       |     9 |     6 |    11 ||    26
       Potion            |       |       |     3 |       |     1 ||     4
 Stab: Sleeping          |     5 |     7 |    12 |     5 |     1 ||    30
       Confused          |       |       |       |     2 |     2 ||     4
       Paralysed         |       |       |       |     3 |       ||     3
       Distracted        |       |       |       |     1 |     1 ||     2
       Petrified         |       |       |       |       |     1 ||     1
Armor: Skin              |     2 |     3 |    11 |    11 |    16 ||    43
Dodge: Dodged            |    24 |    42 |   188 |   592 |   528 ||  1374

Table legend: (Time is in decaauts)
 A = Elapsed time spent in this place.
 B = Non-inter-level travel time spent in this place.
 C = Inter-level travel time spent in this place.
 D = Time resting spent in this place.
 E = Time spent auto-exploring this place.
 F = Levels seen in this place.
 G = Mean time per level.
                   A        B        C        D        E       F      G
               +--------+--------+--------+--------+--------+-----+--------+
         Total |  20033 |  18985 |   1048 |   1280 |  14363 |  16 | 1252.1 |
       Dungeon |  19887 |  18839 |   1048 |   1280 |  14272 |  14 | 1420.5 |
        Temple |      1 |      1 |      0 |      0 |      0 |   1 |    1.0 |
         Sewer |    144 |    144 |      0 |      0 |     91 |   1 |  144.0 |
               +--------+--------+--------+--------+--------+-----+--------+

Top non-repeatable levels by time:
    D:11: 2451 daAuts
    D:13: 2372 daAuts
    D:12: 2102 daAuts
    D:10: 1759 daAuts
     D:6: 1465 daAuts
     D:4: 1450 daAuts
     D:7: 1416 daAuts
     D:8: 1358 daAuts
     D:5: 1214 daAuts
     D:9: 1048 daAuts
     D:2: 965 daAuts
     D:1: 902 daAuts
     D:3: 831 daAuts
    D:14: 549 daAuts
   Sewer: 144 daAuts
